Map: Pillars of Gold LE

Players

DisK

  • Race: Protoss Protoss
  • Spawn Location: 7:00

Nina - Winner!

  • Race: Protoss Protoss
  • League: Grandmaster
  • Spawn Location: 1:00

Event: DreamHack SC2 Masters 2020 Winter

VOD

Have the link to the VOD?

Description

Time

  • Played on: Oct. 30, 2020, 3:20 p.m.
  • Length: 7:40

All games in this series

Show
View Real Time Build Order
Export as new Build Order

DisK Protoss 

Build Orders:  

Get SALT Encoding   

  12  0:00  Probe  
  13  0:12  Probe  
  14  0:19  Pylon  
  14  0:24  Probe  
  15  0:37  Gateway  
  15  0:39  Probe (Chrono Boost)  
  16  0:48  Assimilator, Probe (Chrono Boost)  
  17  0:53  Probe  
  18  1:05  Probe  
  19  1:17  Probe  
  20  1:25  Cybernetics Core  
  20  1:27  Zealot  
  20  1:29  Probe  
  20  1:32  Pylon  
  23  1:34  Assimilator  
  23  1:50  Probe  
  24  1:59  Stalker (Chrono Boost)  
  24  2:02  Probe  
  27  2:19  Nexus  
  27  2:36  Stargate  
  28  2:42  Warp Gate (Chrono Boost)  
  27  2:47  Gateway  
  27  2:54  Stalker  
  29  3:03  Shield Battery  
  29  3:09  Shield Battery  
  29  3:25  Void Ray (Chrono Boost)  
  28  3:28  Probe  
  33  3:45  Probe x2  
  35  3:57  Probe  
  35  3:59  Probe  
  37  4:05  Oracle (Chrono Boost)  
  37  4:09  Probe  
  41  4:11  Probe  
  41  4:15  Stalker  
  41  4:16  Stalker  
  46  4:23  Pylon  
  46  4:31  Robotics Facility  
  46  4:33  Probe x2 (Chrono Boost)  
  46  4:42  Sentry  
  46  4:45  Probe (Chrono Boost)  
  50  4:46  Probe (Chrono Boost)  
  50  4:50  Probe x2 (Chrono Boost)  
  50  4:52  Forge  
  52  4:59  Probe  
  53  5:00  Probe  
  54  5:08  Assimilator  
  54  5:09  Pylon  
  54  5:13  Twilight Council  
  54  5:27  Probe x2  
  56  5:33  Nexus, Immortal  
  60  5:36  Pylon  
  60  5:39  Probe  
  60  5:40  Probe  
  62  5:51  Blink (Chrono Boost)  
  62  5:52  Pylon  
  62  5:54  Probe (Chrono Boost)  
  62  5:55  Probe (Chrono Boost)  
  64  6:06  Probe (Chrono Boost)  
  64  6:10  Stalker x2  
  67  6:12  Shield Battery, Probe (Chrono Boost)  
  67  6:14  Probe (Chrono Boost)  
  68  6:22  Assimilator  
  68  6:23  Probe x2  
  70  6:29  Immortal  
  74  6:37  Gateway x2  
  74  6:39  Probe  
  75  6:42  Probe  
  76  6:47  Stalker  
  76  6:48  Stalker  
  80  6:56  Shield Battery, Probe x2  
  80  7:00  Probe  
  72  7:15  Stalker  
  72  7:16  Stalker  
  56  7:34  Stalker x2  
Show
View Real Time Build Order
Export as new Build Order

Nina Protoss - Winner!

Build Orders: Phoenix Opening 

Get SALT Encoding   

  12  0:00  Probe  
  13  0:12  Probe  
  14  0:19  Pylon  
  14  0:25  Probe (Chrono Boost)  
  15  0:38  Probe (Chrono Boost)  
  15  0:39  Gateway  
  16  0:46  Probe (Chrono Boost)  
  16  0:49  Assimilator  
  17  0:52  Probe  
  18  0:57  Assimilator  
  19  1:04  Probe (Chrono Boost)  
  19  1:13  Probe (Chrono Boost)  
  19  1:16  Gateway  
  20  1:18  Probe (Chrono Boost)  
  20  1:24  Pylon  
  21  1:34  Cybernetics Core  
  21  1:38  Probe  
  22  1:50  Probe  
  23  2:12  Pylon  
  23  2:15  Warp Gate  
  23  2:16  Pylon  
  23  2:31  Nexus  
  23  2:32  Probe  
  24  2:41  Stalker  
  24  2:44  Sentry  
  28  2:46  Probe  
  29  2:58  Probe  
  30  3:10  Stalker, Probe  
  30  3:11  Stalker  
  35  3:19  Phoenix  
  35  3:21  Robotics Facility  
  35  3:23  Probe  
  36  3:29  Forge  
  36  3:36  Probe  
  36  3:38  Pylon  
  37  3:47  Probe (Chrono Boost)  
  38  3:49  Probe (Chrono Boost)  
  38  3:55  Shield Battery  
  39  3:59  Probe (Chrono Boost)  
  39  4:02  Probe (Chrono Boost)  
  41  4:03  Stalker  
  41  4:05  Probe (Chrono Boost)  
  41  4:07  Sentry  
  46  4:11  Probe  
  46  4:16  Protoss Ground Weapons Level 1 (Chrono Boost)  
  47  4:18  Probe  
  47  4:19  Observer (Chrono Boost)  
  47  4:23  Twilight Council  
  49  4:31  Stalker  
  49  4:34  Stalker  
  49  4:35  Probe x2  
  55  4:42  Pylon  
  55  4:47  Probe  
  55  4:48  Blink (Chrono Boost)  
  55  4:49  Assimilator, Probe  
  57  4:54  Pylon  
  57  4:55  Stalker  
  57  4:59  Probe  
  60  5:02  Probe  
  61  5:15  Observer  
  61  5:19  Nexus  
  61  5:24  Probe  
  61  5:25  Pylon  
  62  5:30  Stalker x2  
  66  5:35  Gateway  
  66  5:44  Gateway  
  66  5:47  Gateway  
  66  5:49  Gateway  
  66  5:56  Photon Cannon  
  66  5:57  Sentry  
  68  6:09  Stalker  
  68  6:10  Warp Prism (Chrono Boost), Probe x2  
  72  6:12  Assimilator  
  74  6:21  Stalker  
  74  6:22  Probe  
  77  6:29  Probe  
  77  6:31  Probe  
  79  6:35  Stalker  
  79  6:36  Stalker  
  83  6:40  Stalker  
  83  6:45  Probe x2  
  87  6:56  Stalker x3  
  91  7:14  Probe  
  88  7:17  Stalker x3  
  88  7:18  Probe  
  93  7:29  Stalker x3  
Tags
 
Add a new tag
Caveats
  • Supply blocks, unpowered buildings, or Contaminate may cause inaccurate times.
  • Supply counts are checked every 10 seconds.